 Dungeon Crawl Stone Soup version 0.21.1-68-g103a7afc0a (webtiles) character file.

93 Gargoyl the Skirmisher (level 4, -2/40 HPs)
             Began as a Centaur Abyssal Knight on Aug 2, 2018.
             Was a Believer of Lugonu.
             Slain by Crazy Yiuf
             ... wielding a +4 quarterstaff of chaos
              (20 damage)
             ... on level 2 of the Dungeon.
             The game lasted 00:03:25 (2761 turns).

Gargoyl the Skirmisher (Centaur Abyssal Knight)     Turns: 2761, Time: 00:03:27

Health: -2/40      AC:  7    Str: 15    XL:     4   Next: 36%
Magic:  6/6        EV:  3    Int: 14    God:    Lugonu [**....]
Gold:   86         SH:  3    Dex: 11    Spells: 3/3 levels left

rFire    . . .     SeeInvis .   a - +2 hand axe
rCold    . . .     Gourm    .   d - +0 buckler
rNeg     . . .     Faith    .   o - +0 chain mail
rPois    .         Spirit   .   (helmet restricted)
rElec    .         Reflect  .   (no cloak)
rCorr    .         Harm     .   (no gloves)
MR       .....                  (no barding)
Stlth    ..........             (no amulet)
HPRegen  0.13/turn              (no ring)
MPRegen  0.10/turn              (no ring)

@: brilliant, drained, very quick
A: large, hooves 3, horns 1, thin skeletal structure 1, deformed body, dopey 1,
speed 2, tough skin 3, wild magic 1
a: Depart the Abyss, Bend Space, Renounce Religion


You were on level 2 of the Dungeon.
You worshipped Lugonu.
Lugonu was pleased with you.
You were not hungry.

You visited 1 branch of the dungeon, and saw 2 of its levels.
You visited the Abyss 1 time.

You collected 86 gold pieces.

Inventory:

Hand Weapons
 a - a +2 hand axe (weapon)
Missiles
 f - 4 tomahawks (quivered)
Armour
 d - a +0 buckler (worn)
 o - a +0 chain mail (worn)
Scrolls
 b - a scroll of identify {unknown}
 g - a scroll of fear {unknown}
Potions
 k - a potion of lignification {unknown}
 l - a potion of flight {unknown}
Comestibles
 c - 3 rations


   Skills:
 + Level 3.8(3.3) Fighting
 + Level 2.4(1.9) Axes
 * Level 2.0(1.5) Armour
 + Level 0.8(0.3) Dodging
 * Level 2.8(2.3) Invocations


You had 3 spell levels left.
You didn't know any spells.

Dungeon Overview and Level Annotations

Branches:
Dungeon (2/15)

Altars:

Annotations:
D:2 Crazy Yiuf


Innate Abilities, Weirdness & Mutations

You have hooves in place of feet.
Armour fits poorly on your strangely shaped body.
You cover ground very quickly.
You have extremely tough skin. (AC +3)
You have a pair of small horns on your head.
You have a somewhat thin skeletal structure. (Dex +2, Stealth)
You are dopey. (Int -2)
Your spells are a little harder to cast, but a little more powerful.


Message History

Crazy Yiuf is heavily wounded.
Crazy Yiuf hits you with a quarterstaff of chaos.
You hit Crazy Yiuf. Your kick misses Crazy Yiuf.
Crazy Yiuf is heavily wounded.
Crazy Yiuf hits you with a quarterstaff of chaos.
You feel drained.
You closely miss Crazy Yiuf.
Crazy Yiuf is heavily wounded.
Crazy Yiuf hits you with a quarterstaff of chaos!
Crazy Yiuf draws strength from your wounds!
It was a potion of brilliance.
You feel clever all of a sudden. Crazy Yiuf hits you but does no damage.
You feel drained.
It was a potion of mutation.
You feel extremely strange.
You feel less in control of your magic.
You feel stupid.
Your bones become slightly less dense.
A pair of horns grows on your head!
Crazy Yiuf hits you with a quarterstaff of chaos.
You are electrocuted!
Ouch! That really hurt!
You die...

#.##########.#
#.# #.# #.#
### #.#######
#.......#
##### ######
#..#....#
#..)#
#....####
#..#..###
#...#
#.......#
#..#..###
#.g.#
##.#.##.##
#.......# #@#
#.#.#.#.###
##.....###
##.#
##.#..###.#.
#.###.†###
#.## #....##
##.. #.#
#....# ##.#
##.#..###...
#.###....#
#.##
#......#....
#........#
##.##
##...##.###.
#.#....###
#...##
#[..##.###.
#.#(##.#
#....#
#..........
#.#.##.#
##..##
##.####.###


You could see Crazy Yiuf.

Vanquished Creatures
  4 adders (D:2)
  An ooze (D:1)
  A worm (D:2)
  2 dart slugs (D:1)
  2 leopard geckos
  2 ball pythons
  6 goblins
  6 hobgoblins
  2 jackals (D:1)
  6 bats
  4 frilled lizards
  7 kobolds
  5 rats
48 creatures vanquished.

Notes
Turn   | Place    | Note
-------+----------+-------------------------------------------
     0 | Abyss:1  | Gargoyl the Centaur Abyssal Knight began the quest for the Orb.
     0 | Abyss:1  | Reached XP level 1. HP: 19/19 MP: 2/2
     0 | Abyss:1  | Found a corrupted altar of Lugonu.
    90 | Abyss:2  | Noticed a wretched star
    91 | Abyss:2  | Noticed a raiju
    91 | D:1      | Escaped the Abyss
   101 | D:1      | Reached XP level 2. HP: 6/26 MP: 1/3
   112 | D:1      | Reached * piety under Lugonu
   839 | D:1      | Reached XP level 3. HP: 33/33 MP: 4/4
  1779 | D:2      | Found a faded altar of an unknown god.
  1857 | D:2      | Reached XP level 4. HP: 29/40 MP: 5/5
  2237 | D:2      | Reached ** piety under Lugonu
  2358 | D:2      | Found a runed door.
  2755 | D:2      | Noticed Crazy Yiuf
  2761 | D:2      | Gained mutation: Your spells are a little harder to cast, but a little more powerful. [potion of mutation]
  2761 | D:2      | Gained mutation: You are dopey. (Int -2) [potion of mutation]
  2761 | D:2      | Gained mutation: You have a somewhat thin skeletal structure. (Dex +2, Stealth) [potion of mutation]
  2761 | D:2      | Gained mutation: You have a pair of small horns on your head. [potion of mutation]
  2761 | D:2      | Slain by Crazy Yiuf

Skill      XL: |  1  2  3  4 |
---------------+-------------+-----
Axes           | 2 |  2.4
Armour         | 2 |  2.0
Fighting       | |  3.8
Dodging        | |  0.8
Invocations    | |  2.8

Action                   |  1- 3 |  4- 6 || total
-------------------------+-------+-------++-------
Melee: Hand axe          |   110 |    36 ||   146
       Kick              |    15 |     4 ||    19
Invok: Depart the Abyss  |     1 |       ||     1
  Use: Scroll            |     5 |       ||     5
       Potion            |       |     3 ||     3
  Eat: Chunk             |     2 |     3 ||     5
Armor: Leather armour    |     8 |       ||     8
       Ring mail         |    27 |       ||    27
       Chain mail        |    24 |    23 ||    47
Dodge: Dodged            |    34 |     3 ||    37
Block: Buckler           |    13 |     1 ||    14
